AoeStats
← Mih Imperatore

Four Lakes

510095853Analyzed
1v1 RM · 2d ago on Sep 29, 2026· 26m 36s· 2 players
Game mode
Random Map
Map size
Tiny (2 player)
Population
200
Speed
Normal
Resources
Standard
Victory
Conquest
Starting age
Dark Age
Ending age
Imperial Age
RankedLock teamsTeams togetherTeam positionsShared explorationLock speedFull tech treeHidden civsTurbo modeCheats
Victory
Defeat
🇵🇱 Malians · Poland
1137
+15
🇷🇴 Bohemians · Romania
1118
-15
Mih Imperatore
8:48 Loom
8:51 Loom
11:21 Feudal Age
12:33 Double-Bit Axe
13:07 Horse Collar
14:18 Fletching
17:48 Padded Archer Armor
23:43 Castle Age
26:02 Scale Barding Armor
26:08 Forging
Kijop
7:20 Loom
10:50 Feudal Age
11:01 Man-at-Arms
11:39 Double-Bit Axe
16:50 Scale Mail Armor
17:54 Arson
20:12 Castle Age
20:06 Forging
20:22 Long Swordsman
21:04 Squires
21:47 Horse Collar
23:10 Chain Mail Armor
26:39 Iron Casting
Connection lost

Rejoining the realm…

Still unreachable

The connection could not be restored.

Session expired

The server has moved on; the page needs a fresh start.